 Dungeon Crawl Stone Soup version 0.17-a0-2127-g1cb09f6 (webtiles) character file.

130 septik the Magician (level 4, 0/30 HPs)
             Began as a Mummy Wizard on Oct 22, 2015.
             Splashed by a jelly's acid (8 damage)
             ... on level 3 of the Dungeon.
             The game lasted 00:12:16 (4063 turns).

septik the Magician (Mummy Wizard)                  Turns: 4063, Time: 00:12:16

Health: 0/30       AC: -6    Str: 10    XL:     4   Next: 89%
Magic:  1/8        EV: 12    Int: 18    God:
Gold:   100        SH:  0    Dex: 10    Spells: 3 memorised, 3 levels left

rFire  x . .     SeeInvis .     f - +0 short sword
rCold  + . .     Clarity  .     a - +0 robe
rNeg   + + +     SustAt   .     (no shield)
rPois  ∞         Gourm    .     b - +0 hat
rElec  .         Spirit   .     (no cloak)
rCorr  .         Warding  .     (no gloves)
rMut   .         Stasis   .     (no boots)
MR     .....                    (no amulet)
Stlth  ++........               (no ring)
                                (no ring)

@: corroded equipment, very slightly contaminated, not resistant to hostile
enchantments, unstealthy
A: no food or potions, fire vulnerability, cold resistance 1, negative energy
resistance 3, torment resistance, unbreathing
a: no special abilities


You were on level 3 of the Dungeon.
You were not hungry.

You visited 1 branch of the dungeon, and saw 3 of its levels.

You collected 100 gold pieces.

Inventory:

Hand Weapons
 d - a +0 hunting sling
 e - a +0 club
 f - a +0 short sword (weapon)
Missiles
 g - 63 stones (quivered)
 i - 11 arrows of frost
 j - 8 poisoned bolts
Armour
 a - a +0 robe (worn)
 b - a +0 hat (worn)
 m - a +0 shield
Scrolls
 h - 2 scrolls of teleportation {unknown}
 k - a scroll of identify {unknown}
 l - a scroll of immolation {unknown}
 n - a scroll of remove curse {unknown}
Books
 c - a book of Minor Magic

   Spells                             Type                      Level
   a - Magic Dart                     Conjuration                  1
   b - Blink                          Translocation                2
   c - Call Imp                       Summoning                    2
   d - Repel Missiles                 Charms/Air                   2
   e - Slow                           Hexes                        2
   f - Conjure Flame                  Conjuration/Fire             3
   g - Mephitic Cloud                 Conjuration/Poison/Air       3


   Skills:
 - Level 1.5 Dodging
 - Level 1.5 Stealth
 - Level 3.0 Spellcasting
 - Level 2.4 Conjurations
 - Level 0.7 Summonings
   Level 0.7 Translocations
 + Level 1.8 Air Magic
 + Level 1.9 Poison Magic


You had 3 spell levels left.
You knew the following spells:

 Your Spells              Type           Power        Failure   Level  Hunger
a - Magic Dart            Conj           ##..         8%          1    N/A
b - Call Imp              Summ           #.......     21%         2    N/A
c - Mephitic Cloud        Conj/Pois/Air  ##......     24%         3    N/A

Dungeon Overview and Level Annotations

Branches:
Dungeon (3/15)

Altars:
Makhleb
Xom
Yredelemnul


Innate Abilities, Weirdness & Mutations

You do not eat or drink.
Your flesh is vulnerable to fire.
You are immune to poison.
Your flesh is cold resistant.
You are immune to negative energy.
You are immune to unholy pain and torment.
You can survive without breathing.


Message History

Your white imp dies!
You hit the jelly but do no damage. The acid corrodes you!
Your hands burn!
The jelly is heavily wounded.
The jelly hits you.
You are splashed with acid!
The acid burns!
You hit the jelly but do no damage. The acid corrodes you!
Your hands burn!
The jelly is heavily wounded.
The jelly completely misses you.
You hit the jelly but do no damage.
Your hands burn!
The jelly is heavily wounded.
The jelly barely misses you.
Your magical contamination has completely faded away.
Casting: Call Imp
Confirm with . or Enter, or press ? or * to list all spells.
You miscast Call Imp.
You are very lightly contaminated with residual magic.
The world appears momentarily distorted.
The jelly hits you.
* * * LOW HITPOINT WARNING * * *
You are splashed with acid!
The acid burns!
You die...

### ##### #<#
#...# #.# #.#.#
#.#
#J#.##############
#.#
#@#...............
#.#
#.################
#.# #.####
#.######†...#
#.......#.#.#
#######.._..#
###.#.# #...#
#####


You could see a jelly.

Vanquished Creatures
  An adder (D:3)
  An ooze (D:2)
  3 worms
  3 giant geckos
  An orc (D:3)
  4 ball pythons
  4 giant cockroaches
  5 goblins
  8 hobgoblins
  5 jackals
  4 kobolds
  2 quokkas (D:2)
  7 bats
  13 giant newts
  7 rats
68 creatures vanquished.

Vanquished Creatures (collateral kills)
  A wight (D:3)
  2 oozes
  A giant gecko (D:2)
  3 orcs
  A hobgoblin (D:1)
  2 jackals (D:1)
  A giant newt (D:1)
11 creatures vanquished.

Grand Total: 79 creatures vanquished

Notes
Turn   | Place    | Note
--------------------------------------------------------------
     0 | D:1      | septik the Mummy Wizard began the quest for the Orb.
     0 | D:1      | Reached XP level 1. HP: 13/13 MP: 4/4
    71 | D:1      | Reached skill level 1 in Conjurations
   341 | D:1      | Reached XP level 2. HP: 19/19 MP: 0/6
   345 | D:1      | Learned a level 2 spell: Call Imp
  1178 | D:1      | Reached XP level 3. HP: 15/24 MP: 1/7
  1281 | D:1      | Learned a level 3 spell: Mephitic Cloud
  1985 | D:2      | Found a burning altar of Makhleb.
  1985 | D:2      | Found a shimmering altar of Xom.
  2370 | D:2      | Reached skill level 1 in Air Magic
  2551 | D:2      | Reached skill level 1 in Poison Magic
  2771 | D:2      | Reached XP level 4. HP: 15/30 MP: 1/8
  3900 | D:3      | Found a basalt altar of Yredelemnul.
  4063 | D:3      | Splashed by a jelly's acid

Vault maps used:
D:1:      evilmike_arrival_fibonacci_small, minmay_newt_pond
D:2:      gammafunk_temple_overflow_wave, patterned_corridor
D:3:      lemuel_crystal_altar, overflow_temple_1_default

Action                   |  1- 3 |  4- 6 || total
-------------------------+-------+-------++-------
Melee: Unarmed           |     9 |       ||     9
       Short sword       |    32 |    17 ||    49
Throw: Stone             |     3 |       ||     3
 Cast: Magic Dart        |   107 |    46 ||   153
       Call Imp          |    11 |     9 ||    20
 Stab: Distracted        |     1 |     1 ||     2
